 Dungeon Crawl Stone Soup version 0.26.1-2-gb8aa6d0cf2 (webtiles) character file.

Game seed: 4965865023928624848

330 funkygono the Grave Robber (level 6, -5/32 HPs)
             Began as a Vampire Necromancer on Feb 15, 2021.
             Was an Initiate of Ru.
             Slain by an orc warrior
             ... wielding a +0 battleaxe
              (10 damage)
             ... on level 3 of the Dungeon.
             The game lasted 00:10:32 (4249 turns).

funkygono the Grave Robber (Vampire Necromancer)    Turns: 4249, Time: 00:10:33

Health: -5/32      AC:  3    Str:  7    XL:     6   Next: 26%
Magic:  8/13       EV: 13    Int: 19    God:    Ru [......]
Gold:   69         SH:  0    Dex: 15    Spells: 5/14 levels left

rFire    . . .     SeeInvis +   j - +1 dagger (protect)
rCold    + + .     Faith    .   (no shield)
rNeg     + + +     Spirit   .   a - +0 robe
rPois    ∞         Reflect  .   (no helmet)
rElec    .         Harm     .   (no cloak)
rCorr    .         Rampage  .   (no gloves)
Will     .....                  d - +0 pair of boots
Stlth    ++++......             (no amulet)
HPRegen  0.00/turn              (no ring)
MPRegen  0.13/turn              (no ring)

@: bloodless
A: fangs 3, see invisible, unbreathing
a: Bat Form, Revivify, Renounce Religion


You were on level 3 of the Dungeon.
You worshipped Ru.
Ru was noncommittal.
You visited 1 branch of the dungeon, and saw 3 of its levels.

You collected 69 gold pieces.

Inventory:

Hand Weapons
 e - a +1 dagger
 j - a +1 dagger of protection (weapon)
Missiles
 b - 111 stones
Armour
 a - a +0 robe (worn)
 d - a +0 pair of boots (worn)
 f - a +0 leather armour
 n - a +0 pair of gloves
Scrolls
 k - a scroll of identify {unknown}
 l - a scroll of amnesia
 m - a scroll of immolation {unknown}
Potions
 c - a potion of brilliance {unknown}
 g - a potion of mutation {unknown}
 h - a potion of haste {unknown}
 i - a potion of magic {unknown}


   Skills:
 + Level 2.2 Dodging
 + Level 3.3 Stealth
 * Level 4.8 Spellcasting
 * Level 6.2 Necromancy


You had 5 spell levels left.
You knew the following spells:

 Your Spells              Type           Power        Failure   Level
a - Pain                  Necr           100%         1%          1
b - Animate Skeleton      Necr           56%          1%          1
c - Vampiric Draining     Necr           14%          3%          3
d - Animate Dead          Necr           14%          10%         4

Your spell library contained the following spells:

 Spells                   Type           Power        Failure   Level
 Agony                    Necr           28%          26%         5


Dungeon Overview and Level Annotations

Branches:
Dungeon (3/15)

Altars:
Ru


Innate Abilities, Weirdness & Mutations

You do not regenerate when monsters are visible.
You are frail without blood (-20% HP).
You can heal yourself when you bite living creatures.
You are immune to poison.
You have razor-sharp teeth.
You have supernaturally acute eyesight. (SInv)
You can survive without breathing.


Message History

Aim: an orc warrior, wielding a +0 battleaxe and wearing a +0 chain mail (lightly wounded, chance to affect: 84%)
The orc warrior writhes in agony.
The orc warrior hits you with a +0 battleaxe!!
Ouch! That really hurt!
* * * LOW HITPOINT WARNING * * *
Things that are here:
a +0 flail; a +0 leather armour; a +0 dagger
Items here: ))) [[[[ ÷÷.
The orc hits the plant but does no damage.
There is a stone staircase leading up here.
The orc warrior hits you with a +0 battleaxe!
Continue your ritual? [Y]es or [N]o only, please.
Continue your ritual? [Y]es or [N]o only, please.
Continue your ritual? [Y]es or [N]o only, please.
Continue your ritual?
You stop revivifying.
You die...

. #...............# .
#...............#
.##########...........<.##
..........##...........###
..P.P.P...............<..##
♣♣..P♣♣♣P.................##
♣..P♣ ♣P........^.........#
♣♣...♣♣♣.............).....#
P...PPP.P.......@..........#
................o..........#
.P....P....................#
♣♣P.P♣♣♣P.....o............#
♣...♣ ♣..##..............##
♣♣P..♣♣♣P.##.o.).........##
..........###..)).##.#####
.......o.o....)...##)#
P.......P.#####...##.#


You could see an orc warrior, an orc wizard (invisible) and an orc.

Vanquished Creatures
  An orc priest (D:3)
  2 orc wizards (D:3)
  10 gnolls
  5 adders
  2 oozes (D:1)
  4 dart slugs
  2 leopard geckos (D:2)
  8 orcs
  3 giant cockroaches
  8 goblins
  7 hobgoblins
  4 jackals
  A quokka (D:2)
  8 bats
  7 frilled lizards
  3 kobolds
  13 rats
88 creatures vanquished.

Vanquished Creatures (collateral kills)
  A worm (D:2)
  2 orcs (D:3)
  A goblin (D:3)
  A bat (D:1)
5 creatures vanquished.

Vanquished Creatures (others)
  10 plants (D:3)
10 creatures vanquished.

Grand Total: 103 creatures vanquished

Notes
Turn   | Place    | Note
-------+----------+-------------------------------------------
     0 | D:1      | funkygono the Vampire Necromancer began the quest for the
                  | Orb.
     0 | D:1      | Reached XP level 1. HP: 13/13 MP: 3/3
   214 | D:1      | Reached XP level 2. HP: 15/19 MP: 0/5
   216 | D:1      | Learned a level 1 spell: Animate Skeleton
   335 | D:1      | Reached skill level 5 in Necromancy
   966 | D:1      | Reached XP level 3. HP: 3/19 MP: 0/6
  1516 | D:1      | Learned a level 3 spell: Vampiric Draining
  1541 | D:2      | Found a faded altar of an unknown god.
  1957 | D:2      | Reached XP level 4. HP: 23/27 MP: 3/8
  1964 | D:2      | Learned a level 4 spell: Animate Dead
  2367 | D:2      | HP: 1/27 [worm (12)]
  3004 | D:2      | Reached XP level 5. HP: 27/31 MP: 4/10
  3172 | D:2      | Found a sacrificial altar of Ru.
  3360 | D:2      | Became a worshipper of Ru the Awakened
  3510 | D:3      | Reached skill level 6 in Necromancy
  3893 | D:3      | Reached XP level 6. HP: 10/32 MP: 0/12
  4202 | D:3      | Noticed an orc warrior
  4249 | D:3      | Slain by an orc warrior

Illustrated notes

Levels and vault maps discovered:
D:1:      dpeg_arrival_morbid_curiosity, layout_loops_ring,
          hangedman_decor_lopped
D:2:      layout_loops_corners, lemuel_coloured_pillars_altar,
          chequers_ecumenical_altar_simple_redux
D:3:      layout_rooms, kennysheep_boxes, uniq_crazy_yiuf_cottage

Skill      XL: |  1  2  3  4  5 |
---------------+----------------+-----
Necromancy     | 5 6 |  6.2
Spellcasting   | 3 4 |  4.8
Dodging        | |  2.2
Stealth        | |  3.3

Action                   |  1- 3 |  4- 6 || total
-------------------------+-------+-------++-------
Melee: Unarmed           |    17 |       ||    17
       Bite              |     2 |     4 ||     6
       Dagger            |    25 |    24 ||    49
 Cast: Pain              |    73 |   116 ||   189
       Animate Skeleton  |     8 |    15 ||    23
 Abil: Exsanguinate      |     1 |     1 ||     2
       Revivify          |     1 |     1 ||     2
  Use: Scroll            |     2 |     2 ||     4
       Potion            |       |     3 ||     3
Armor: Robe              |    11 |     8 ||    19
Dodge: Dodged            |    43 |    32 ||    75
